 Dungeon Crawl Stone Soup version 0.29.1-1-gd02db6906a (webtiles) character file.

Game seed: 4140145120348403152

104 Earthwalker the Conjurer (level 4, -5/33 HPs)
             Began as a Demigod Conjurer on Oct 3, 2022.
             Slain by a neqoxec (13 damage)
             ... on level 1 of the Abyss.
             The game lasted 00:21:55 (2105 turns).

Earthwalker the Conjurer (Demigod Conjurer)         Turns: 2105, Time: 00:21:56

Health: -5/33      AC:  4    Str:  8    XL:     4   Next: 28%
Magic:  4/10       EV: 12    Int: 24    God:
Gold:   120        SH:  0    Dex: 12    Spells: 7/8 levels left

rFire   . . .      SeeInvis .   r - +0 dagger (holy)
rCold   . . .      Faith    .   (no shield)
rNeg    . . .      Spirit   .   a - +0 robe
rPois   .          Reflect  .   (no helmet)
rElec   .          Harm     .   (no cloak)
rCorr   .          Rampage  .   g - +0 pair of gloves
Will    .....                   p - +0 pair of boots
Stlth   ++........              (no amulet)
HPRegen 0.11/turn               (no ring)
MPRegen 0.12/turn               (no ring)

@: no status effects
A: high MP 1, forlorn, divine attributes, subdued magic 1
a: no special abilities


You were on level 1 of the Abyss.
You visited 1 branch of the dungeon, and saw 4 of its levels.
You visited the Abyss 1 time.

You collected 120 gold pieces.

Inventory:

Hand Weapons
 c - a +0 flail
 d - a +0 short sword
 e - a +0 dagger
 h - a +0 dagger
 i - a +0 antimagic hand axe
 j - a +0 dagger
 r - a +0 dagger of holy wrath (weapon)
 v - a +0 long sword
Missiles
 k - 12 stones
Armour
 a - a +0 robe (worn)
 g - a +0 pair of gloves (worn)
 n - a +0 chain mail
 o - a +0 scale mail
 p - a +0 pair of boots (worn)
 w - an orb of wrath
 x - a +0 robe
Magical Staves
 f - a staff of death
Scrolls
 m - 2 scrolls of butterflies
 s - a scroll of immolation
 u - a scroll of enchant weapon
 y - a scroll of amnesia {unknown}
Potions
 b - a potion of magic
 l - 2 potions of might
 t - a potion of curing


   Skills:
 + Level 0.1 Fighting
 + Level 0.4 Short Blades
 + Level 0.2 Armour
 + Level 1.8 Dodging
 + Level 2.0 Stealth
 * Level 2.5 Spellcasting
 + Level 4.7 Conjurations


You had 7 spell levels left.
You knew the following spells:

 Your Spells              Type           Power      Damage    Failure   Level
a - Magic Dart            Conj           80%        1d7       1%          1

Your spell library contained the following spells:

 Spells                   Type           Power      Damage    Failure   Level
 Searing Ray              Conj           40%        2d5       1%          2
 Necrotise                Necr           8%         1d4       10%         1
 Dazzling Flash           Conj/Hex       22%        N/A       11%         3
 Vampiric Draining        Necr           2%         2d6       30%         3
 Fulminant Prism          Conj/Hex       5%         3d7       34%         4
 Iskenderun's Mystic Bla  Conj/Tloc      11%        2d4       34%         4
 Agony                    Necr           2%         N/A       96%         5


Dungeon Overview and Level Annotations

Branches:
Dungeon (5/15)
 Temple: D:4-7

Portals:
Ossuary: D:4


Innate Abilities, Weirdness & Mutations

You have an increased reservoir of magic. (+10% MP)
You shall have no god before yourself.
Your divine heritage dramatically boosts your attributes as you level up.
Your spells are a little easier to cast, but a little less powerful.


Message History

The neqoxec is heavily wounded.
The neqoxec gestures at you.
Strange energies course through your body.
Your connection to magic feels subdued.
You hit the neqoxec but do no damage.
The neqoxec is heavily wounded.
You hit the neqoxec but do no damage.
The neqoxec is heavily wounded.
The neqoxec misses you.
You closely miss the neqoxec.
The neqoxec is heavily wounded.
The neqoxec barely misses you.
You hit the neqoxec but do no damage.
The neqoxec is heavily wounded.
The neqoxec barely misses you.
You hit the neqoxec but do no damage.
The neqoxec is heavily wounded.
The neqoxec hits you.
You closely miss the neqoxec.
The neqoxec is heavily wounded.
The neqoxec hits you!
You hit the neqoxec but do no damage.
The neqoxec is heavily wounded.
The neqoxec closely misses you.
You hit the neqoxec.
The neqoxec convulses.
The neqoxec is heavily wounded.
The neqoxec hits you.
You closely miss the neqoxec.
The neqoxec is heavily wounded.
The neqoxec hits you!
* * * LOW HITPOINT WARNING * * *
Casting: Magic Dart (safe; 1% risk of failure)
Confirm with . or Enter, or press ? or * to list all spells.
Aiming: Magic Dart (safe; 1% risk of failure)
Press: ? - help, Shift-Dir - straight line, f/p - neqoxec
Aim: a neqoxec (heavily wounded, 100% to hit)
The magic dart hits the neqoxec.
The neqoxec is heavily wounded.
The neqoxec hits you!
You die...

..#.#.
.##### ..
. . . .
##.. . # .
. .
###.###...
# # ..
##.# ##. .
#.### #. #
. ..#..
.#. #. 8
..
#####.#.#.
. .
#.#..## .
.. #.##3.#
. #.#..@.#
.
#....##.#
. ## ###..
. #
..##..#
..#####.
..#. # # #
. .


You could see a neqoxec.

Vanquished Creatures
  An iguana (D:5)
  An orc wizard (D:4)
  An adder (D:5)
  A dart slug (D:1)
  3 orcs (D:4)
  4 ball pythons
  2 endoplasms (D:1)
  A giant cockroach (D:2)
  4 goblins
  6 hobgoblins
  4 quokkas
  A bat (D:1)
  4 kobolds (D:1)
  3 rats (D:1)
36 creatures vanquished.

Notes
Turn   | Place    | Note
-------+----------+-------------------------------------------
     0 | D:1      | Earthwalker the Demigod Conjurer began the quest for the
                  | Orb.
     0 | D:1      | Reached XP level 1. HP: 14/14 MP: 5/5
   300 | D:1      | Reached skill level 4 in Conjurations
   377 | D:1      | Reached XP level 2. HP: 20/20 MP: 0/7
  1425 | D:2      | You fall into a shaft and drop 2 floors!
  1470 | D:4      | Noticed a phantom
  1484 | D:5      | Entered Level 5 of the Dungeon
  1491 | D:5      | Reached XP level 3. HP: 26/26 MP: 4/8
  1556 | D:5      | Noticed an ogre
  1882 | D:4      | Found a sand-covered staircase.
  1891 | D:4      | Noticed an ogre
  1920 | D:5      | Reached XP level 4. HP: 33/33 MP: 3/10
  1999 | D:5      | Noticed an ice beast
  2011 | Abyss:1  | Cast into level 1 of the Abyss (gnoll)
  2089 | Abyss:1  | Noticed a neqoxec
  2095 | Abyss:1  | Gained mutation: Your spells are a little easier to cast,
                  | but a little less powerful. [a neqoxec]
  2105 | Abyss:1  | Slain by a neqoxec

Illustrated notes

Levels and vault maps discovered:
D:1:      dpeg_arrival_central, layout_basic
D:2:      kennysheep_the_goblin_king, layout_basic,
          dreamdust_ecumenical_altar_statues
D:4:      layout_basic, lemuel_tele_altar, grunt_temple_overflow_diamond,
          grunt_gozag_breadcrumbs, enter_ossuary_4
D:5:      layout_loops_ring, kennysheep_mini_moat, lemuel_doored_altar,
          minmay_temple_entry_enclosed_plants, grunt_ministairs_12
Abyss:1:  base:
Temple

Skill      XL: |  1  2  3 |
---------------+----------+-----
Conjurations   | 4 |  4.7
Spellcasting   | 2 |  2.5
Stealth        | 2 |  2.0
Fighting       | |  0.1
Short Blades   | |  0.4
Armour         | |  0.2
Dodging        | |  1.8

Action                   |  1- 3 |  4- 6 || total
-------------------------+-------+-------++-------
Melee: Dagger            |    30 |    10 ||    40
       Hand axe          |     4 |       ||     4
 Cast: Magic Dart        |    68 |    10 ||    78
  Use: Scroll            |     7 |       ||     7
       Potion            |     1 |       ||     1
Armor: Chain mail        |    14 |       ||    14
       Robe              |     1 |       ||     1
Dodge: Dodged            |    25 |     7 ||    32
